 Dungeon Crawl Stone Soup version 0.18.1-8-gdd0e5ea (webtiles) character file.

254 deorigin the Cleaver (level 6, -2/51 HPs)
             Began as a Hill Orc Berserker on May 22, 2016.
             Was a Believer of Trog.
             Slain by a worker ant (6 damage)
             ... on level 4 of the Dungeon.
             The game lasted 00:06:08 (2854 turns).

deorigin the Cleaver (Hill Orc Berserker)           Turns: 2854, Time: 00:06:09

Health: -2/51      AC:  9    Str: 20    XL:     6   Next: 15%
Magic:  6/6        EV:  8    Int:  7    God:    Trog [**....]
Gold:   193        SH:  0    Dex: 12    Spells: 0 memorised, 5 levels left

rFire  . . .     SeeInvis .     a - +0 hand axe
rCold  . . .     Gourm    .     j - +0 chain mail
rNeg   + . .     Faith    .     (no shield)
rPois  .         Spirit   .     (no helmet)
rElec  .         Dismiss  .     (no cloak)
rCorr  .         Reflect  .     H - +0 pair of gloves
SustAt .         Harm     .     (no boots)
MR     ++...                    (no amulet)
Stlth  ..........               (no ring)
                                g - ring of positive energy

@: lethally poisoned (-2 -> -2), regenerating, very resistant to hostile
enchantments, extremely unstealthy
A: no striking features
a: Berserk, Trog's Hand, Burn Spellbooks, Renounce Religion


You were on level 4 of the Dungeon.
You worshipped Trog.
Trog was pleased with you.
You were not hungry.

You visited 1 branch of the dungeon, and saw 4 of its levels.

You collected 193 gold pieces.

Inventory:

Hand Weapons
 a - a +0 hand axe (weapon)
 D - a +0 flail
Missiles
 h - 11 poisoned needles
 G - 2 curare-tipped needles
Armour
 b - a +0 animal skin
 e - a +0 ring mail
 j - a +0 chain mail (worn)
 H - a +0 pair of gloves (worn)
Jewellery
 g - a ring of positive energy (left hand)
 y - an uncursed amulet of dismissal
Scrolls
 d - 5 scrolls of identify {unknown}
 i - a scroll of amnesia {unknown}
 m - 3 scrolls of enchant weapon {unknown}
 n - a scroll of recharging {unknown}
 o - a scroll of enchant armour {unknown}
 q - a scroll of fog {unknown}
 r - a scroll of random uselessness {unknown}
 x - a scroll of remove curse {unknown}
 z - a scroll of noise {unknown}
 C - a scroll of blinking {unknown}
 E - 2 scrolls of teleportation {unknown}
Potions
 f - a potion of agility {unknown}
 k - 3 potions of curing {unknown}
 p - 2 potions of heal wounds {unknown}
 s - a potion of degeneration {unknown}
 t - a potion of lignification {unknown}
 u - a potion of cure mutation {unknown}
 v - a potion of berserk rage {unknown}
 F - a potion of flight {unknown}
Comestibles
 c - 3 bread rations
 l - a slice of pizza
 w - 3 chunks of flesh
 A - 4 fruits
 B - 2 meat rations


   Skills:
 - Level 3.6 Fighting
 + Level 8.8 Axes
 - Level 2.1 Armour
 - Level 1.5 Dodging


You had 5 spell levels left.
You didn't know any spells.

Dungeon Overview and Level Annotations

Branches:
Dungeon (4/15)
 Temple: D:4-7

Altars:
The Shining One


Message History

The worker ant bites you.
* * * LOW HITPOINT WARNING * * *
You barely miss the worker ant.
The worker ant is heavily wounded.
You feel sick.
The worker ant bites you but does no damage.
You hit the worker ant but do no damage.
The worker ant is heavily wounded.
The worker ant bites you.
* * * LOW HITPOINT WARNING * * *
You are lethally poisoned!
The worker ant poisons you!
Your skin crawls.
You feel resistant to hostile enchantments.
You feel slightly more hungry.
You feel sick.
The worker ant bites you but does no damage.
You closely miss the worker ant.
The worker ant is heavily wounded.
You feel sick. The worker ant bites you.
You die...

#.#....# #.#..# #.# #.###+##
#.#..# #.#
###.##.###.######.#..####.#
.........................#.#
.###.##.###.########.....#.#
#.##.###.########..##...#
.......................#
###.###.########^..#)..# #.#
#@# ............ #.# #a#
#.##........ #. #.#
#...........
###.#.###.########...#.#..
.....................#.#..
##..###.#.#######....#.#..
#.#.# #....#.#.# ..... ...
#.#.# #a.#.## #.#


You could see a worker ant.

Vanquished Creatures
  A scorpion (D:4)
  A hound (D:4)
  An iguana (D:3)
  Natasha (D:4)
  4 adders
  An ooze (D:2)
  2 worms
  3 dart slugs
  A giant gecko (D:2)
  8 orcs
  A ball python (D:1)
  3 bats
  2 giant cockroaches
  7 goblins
  5 hobgoblins
  8 jackals (D:2)
  4 quokkas
  2 giant newts (D:2)
  5 kobolds
  7 rats
67 creatures vanquished.

Notes
Turn   | Place    | Note
--------------------------------------------------------------
     0 | D:1      | deorigin the Hill Orc Berserker began the quest for the Orb.
     0 | D:1      | Reached XP level 1. HP: 19/19 MP: 1/1
   130 | D:1      | Reached XP level 2. HP: 26/26 MP: 2/2
   500 | D:1      | Reached skill level 5 in Axes
   787 | D:2      | Reached XP level 3. HP: 23/31 MP: 3/3
   914 | D:2      | Reached ** piety under Trog
  1335 | D:2      | Reached skill level 6 in Axes
  1429 | D:2      | Reached XP level 4. HP: 30/39 MP: 4/4
  1952 | D:3      | Reached skill level 7 in Axes
  1952 | D:3      | Reached XP level 5. HP: 25/45 MP: 5/5
  2384 | D:3      | Found a glowing golden altar of the Shining One.
  2613 | D:4      | Noticed Natasha
  2625 | D:4      | Killed Natasha
  2625 | D:4      | Reached skill level 8 in Axes
  2741 | D:4      | Reached *** piety under Trog
  2756 | D:4      | Reached XP level 6. HP: 16/51 MP: 6/6
  2854 | D:4      | Slain by a worker ant

Skill      XL: |  1  2  3  4  5 |
---------------+----------------+-----
Axes           | 5 6 7 8 |  8.8
Fighting       | |  3.6
Armour         | |  2.1
Dodging        | |  1.5

Action                   |  1- 3 |  4- 6 || total
-------------------------+-------+-------++-------
Melee: Hand axe          |   134 |   127 ||   261
Invok: Trog's Hand       |     1 |     2 ||     3
  Eat: Chunk             |     2 |     5 ||     7
Armor: Ring mail         |     2 |       ||     2
       Animal skin       |     1 |       ||     1
       Chain mail        |    75 |    66 ||   141
Dodge: Dodged            |    50 |    49 ||    99
